 Dungeon Crawl Stone Soup version 0.24.0-13-gcf9b3192b9 (webtiles) character file.

Game seed: 10080275015318804867, levelgen mode: deterministic

15997 Metae the Carver (level 12, -1/113 HPs)
             Began as a Minotaur Fighter on Nov 8, 2019.
             Was a Priest of Qazlal.
             Slain by a thrashing horror (6 damage)
             ... on level 2 of the Abyss.
             The game lasted 01:23:55 (11941 turns).

Metae the Carver (Minotaur Fighter)                Turns: 11941, Time: 01:23:56

Health: -1/113     AC: 15    Str: 35    XL:     12   Next: 6%
Magic:  13/13      EV:  8    Int:  3    God:    Qazlal [***...]
Gold:   881        SH: 12    Dex: 18    Spells: 11/11 levels left

rFire    + . .     SeeInvis .   a - +5 great sword of Intimidation {freeze, rC+ Str+8 Int-3 Dex+2}
rCold    + + .     Gourm    .   (shield currently unavailable)
rNeg     . . .     Faith    .   M - +0 plate armour (curse)
rPois    .         Spirit   .   (helmet restricted)
rElec    .         Reflect  +   G - scarf {rC+ rF+}
rCorr    .         Harm     .   (no gloves)
MR       .....                  R - +0 pair of boots
Stlth    ..........             Q - brooch of Shielding {Reflect SH+8}
HPRegen  0.28/turn              m - +5 ring of dexterity
MPRegen  0.13/turn              C - +3 ring of strength

@: very slightly contaminated, drained
A: retaliatory headbutt, horns 2
a: Upheaval, Elemental Force, Renounce Religion


You were on level 2 of the Abyss.
You worshipped Qazlal.
Qazlal was most pleased with you.
You were hungry.

You visited 2 branches of the dungeon, and saw 11 of its levels.
You visited the Abyss 1 time.
You also visited: Ossuary.

You collected 1482 gold pieces.
You spent 601 gold pieces at shops.

Inventory:

Hand Weapons
 a - the +5 great sword of Intimidation (weapon) {freeze, rC+ Str+8 Int-3 Dex+2}
   (You found it on level 7 of the Dungeon)

   It has been specially enchanted to freeze those struck by it, causing extra
   injury to most foes and up to half again as much damage against particularly
   susceptible opponents.
   It can also slow down cold-blooded creatures.
   It affects your strength (+8).
   It affects your intelligence (-3).
   It affects your dexterity (+2).
   It protects you from cold.
 b - a +0 hunting sling
 A - a +1 dire flail of protection
 B - a +2 whip of electrocution
 F - a +2 whip of flaming
 U - a +1 long sword
 W - a +5 scimitar
Missiles
 t - 166 stones (quivered)
Armour
 c - a +0 shield
 h - a +2 plate armour
 k - a +1 ring mail of cold resistance
 q - a +0 chain mail
 s - a +0 scale mail
 G - a scarf of resistance (worn)
 M - a cursed +0 plate armour (worn)
 R - a +0 pair of boots (worn)
 X - a +0 troll leather armour
Magical Staves
 e - an uncursed staff of summoning
Jewellery
 m - a +5 ring of dexterity (left hand)
 C - a +3 ring of strength (right hand)
 E - an uncursed ring of flight
 Q - the brooch of Shielding (around neck) {Reflect SH+8}
   (You found it on level 6 of the Dungeon)

   [amulet of reflection]

   It shields you and reflects attacks.
   It affects your SH (+8).
 S - an uncursed amulet of rage
Wands
 o - a wand of iceblast (12)
 v - a wand of flame (17)
 w - a wand of clouds (5)
 y - a wand of random effects (25)
Scrolls
 n - 7 scrolls of teleportation
 p - 2 scrolls of identify
 x - 2 scrolls of amnesia
 z - a scroll of fear
 P - 2 scrolls of noise
Potions
 d - 2 potions of might
 g - 2 potions of curing
 i - 4 potions of lignification
 j - 3 potions of haste
 l - 4 potions of flight
 r - a potion of resistance {unknown}
 u - 4 potions of heal wounds
 D - 2 potions of cancellation
 H - a potion of mutation {unknown}
 I - a potion of magic {unknown}
 J - a potion of berserk rage {unknown}
 K - 3 potions of degeneration
 L - 3 potions of brilliance {unknown}
 N - 2 potions of ambrosia {unknown}
 T - a potion of agility
Comestibles
 f - 10 rations


   Skills:
 + Level 12.3(11.2) Fighting
 + Level 14.6(13.5) Long Blades
   Level 8.8(8.0) Axes
 - Level 3.0(5.3) Maces & Flails
 + Level 9.1(8.1) Armour
 + Level 1.2(0.4) Dodging
 + Level 0.5(0.0) Stealth
 - Level 3.8(2.9) Shields
 + Level 3.6(2.7) Invocations


You had 11 spell levels left.
You didn't know any spells.
Your spell library contained the following spells:

 Spells                   Type           Power        Failure   Level  Hunger
 Magic Dart               Conj           #...         98%         1    ##.....
 Blink                    Tloc           N/A          99%         2    ###....
 Call Imp                 Summ           #.......     99%         2    ###....
 Slow                     Hex            #.......     99%         2    ###....
 Conjure Flame            Conj/Fire      #.......     100%        3    ####...
 Mephitic Cloud           Conj/Pois/Air  #.......     100%        3    ####...


Dungeon Overview and Level Annotations

Branches:
Dungeon (9/15)             Temple (0/1) D:5             Orc (2/2) D:9
    Elf (0/3) Orc:2       Ossuary (visited)
   Lair: D:8-11

Altars:
Ashenzari
Fedhas
Gozag
Makhleb
Qazlal
Sif Muna
Trog
Uskayaw
Wu Jian
Xom
Zin
Beogh

Shops:
D:6 (   Orc:1 ::%[

Annotations:
Orc:2 Erolcha


Innate Abilities, Weirdness & Mutations

You reflexively headbutt those who attack you in melee.
You have a pair of horns on your head.


Message History

The thrashing horror tramples you but does no damage. x2
The thrashing horror tramples you.
* * * LOW HITPOINT WARNING * * *
You hold your ground!
The thrashing horror barely misses you.
You feel better.
The thrashing horror roars! x2
You block the thrashing horror's attack. x2
The thrashing horror closely misses you.
You furiously retaliate!
You headbutt the thrashing horror, but do no damage.
The thrashing horror tramples you.
* * * LOW HITPOINT WARNING * * *
You hold your ground!
The thrashing horror tramples you but does no damage. x2
The thrashing horror tramples you but does no damage.
You block the thrashing horror's attack.
The thrashing horror roars!
The thrashing horror tramples you but does no damage.
The thrashing horror tramples you.
You die...

# .# .. . #####. # ##
.#. .#.#.# ..# #.
#..X.# #..
######(#.#.#.#
#..##.#....#....#
#..@.X#..#.#..#
#..#X#.#.# .#.##
≈≈≈≈♣..#.........#
##.≈≈≈≈≈≈≈.#.....#X...(
#...#..≈≈≈≈≈≈##....##.≈
...##...#.#≈≈≈≈ ≈.....
### ...#.###.#.≈≈≈≈≈≈
.. #.#. #####..♣≈≈≈≈.
.#... ♣≈


You could see 2 thrashing horrors.

Vanquished Creatures
  Snorg (Orc:2)
  An ettin (Orc:1)
  2 two-headed ogres
  An orc high priest (Orc:1)
  A deep troll (Orc:1)
  4 orc knights (Orc:1)
  Pikel (D:6)
  A cyclops (Orc:2)
  3 orc sorcerers
  3 trolls
  3 hippogriffs
  A spriggan (D:7)
  A wyvern (D:7)
  Eustachio (D:6)
  2 hungry ghosts (D:8)
  3 wargs
  A water moccasin (D:6)
  13 orc warriors
  2 ice beasts
  3 black bears
  A phantom (D:9)
  3 centaurs
  6 ogres
  A big kobold (D:9)
  3 bullfrogs
  A wyvern skeleton (D:8)
  A scorpion (D:7)
  7 crimson imps
  6 hounds
  A jelly (D:4)
  Crazy Yiuf (D:6)
  3 bullfrog skeletons
  14 orc priests
  31 orc wizards
  2 iguanas
  9 worker ants
  A big kobold zombie (Ossuary)
  8 mummies (Ossuary)
  Robin (D:2)
  3 gnolls (Orc:1)
  A howler monkey skeleton (D:4)
  14 adders
  3 shadow imps
  An adder zombie (D:7)
  An adder skeleton (D:4)
  A worm (D:4)
  2 dart slugs (D:1)
  7 leopard geckos
  62 orcs
  8 giant cockroaches
  11 goblins
  12 hobgoblins
  12 jackals
  4 quokkas
  4 bats
  3 frilled lizards
  A gnoll zombie (Ossuary)
  A hobgoblin zombie (Ossuary)
  A jackal zombie (D:5)
  8 kobolds
  3 kobold zombies (Ossuary)
  A leopard gecko skeleton (D:5)
  2 orc zombies (Ossuary)
  3 rats
317 creatures vanquished.

Vanquished Creatures (collateral kills)
  An orc knight (Orc:1)
  An orc priest (Orc:2)
  An orc wizard (Orc:2)
3 creatures vanquished.

Vanquished Creatures (others)
  A wizard (D:5)
  2 centaurs
3 creatures vanquished.

Grand Total: 323 creatures vanquished

Notes
Turn   | Place    | Note
-------+----------+-------------------------------------------
     0 | D:1      | Metae the Minotaur Fighter began the quest for the Orb.
     0 | D:1      | Reached XP level 1. HP: 19/19 MP: 0/0
   109 | D:1      | Reached XP level 2. HP: 26/27 MP: 1/1
   613 | D:1      | Reached XP level 3. HP: 34/34 MP: 2/2
   927 | D:2      | Noticed Robin
   942 | D:2      | Killed Robin
   942 | D:2      | Reached skill level 5 in Fighting
  1286 | D:2      | Reached skill level 1 in Axes
  1491 | D:2      | Found a blossoming altar of Fedhas.
  1495 | D:2      | Found a stormy altar of Qazlal.
  1506 | D:2      | Became a worshipper of Qazlal Stormbringer
  1564 | D:2      | Reached XP level 4. HP: 36/42 MP: 3/3
  1744 | D:2      | Found a burning altar of Makhleb.
  2043 | D:3      | Found an opulent altar of Gozag.
  2288 | D:3      | Reached * piety under Qazlal
  2345 | D:3      | Found an ornate altar of the Wu Jian Council.
  2559 | D:4      | Reached XP level 5. HP: 50/50 MP: 4/4
  2617 | D:4      | Reached skill level 1 in Dodging
  3007 | D:4      | Reached XP level 6. HP: 47/57 MP: 5/5
  3261 | D:4      | Found a shattered altar of Ashenzari.
  3611 | D:5      | Entered Level 5 of the Dungeon
  3867 | D:5      | Reached XP level 7. HP: 40/68 MP: 6/6
  3882 | D:5      | Reached ** piety under Qazlal
  3935 | D:5      | Found a staircase to the Ecumenical Temple.
  4027 | D:5      | Found an ornate altar of the Wu Jian Council.
  4123 | D:5      | Found a bloodstained altar of Trog.
  4124 | D:5      | Noticed a wizard
  4130 | D:5      | Killed a wizard
  4190 | D:5      | Found a hide-covered altar of Uskayaw.
  4190 | D:5      | Found a glowing silver altar of Zin.
  4292 | D:5      | Found a shimmering blue altar of Sif Muna.
  4337 | D:6      | Found Cutearob's Weapon Emporium.
  4363 | D:6      | Found a shimmering altar of Xom.
  4386 | D:6      | Noticed Pikel
  4397 | D:6      | Killed Pikel
  4397 | D:6      | Reached skill level 10 in Fighting
  4397 | D:6      | Reached XP level 8. HP: 81/81 MP: 7/7
  4406 | D:6      | Noticed Eustachio
  4435 | D:6      | Killed Eustachio
  4465 | D:6      | Found a runed translucent door.
  4466 | D:6      | Noticed Crazy Yiuf
  4475 | D:6      | Killed Crazy Yiuf
  4694 | D:6      | Found a sand-covered staircase.
  4706 | Ossuary  | Entered an ossuary
  5371 | D:6      | Found the brooch of Shielding {Reflect SH+8}
  5602 | D:7      | Reached skill level 5 in Axes
  5604 | D:7      | Reached skill level 1 in Invocations
  5901 | D:7      | Reached XP level 9. HP: 79/90 MP: 3/8
  6345 | D:7      | Reached *** piety under Qazlal
  6358 | D:7      | Found a transporter.
  6363 | D:7      | Found a transporter.
  6380 | D:7      | Got an encrusted great sword
  6381 | D:7      | Identified the +5 great sword of Intimidation {freeze, rC+
                  | Str+8 Int-3 Dex+2} (You found it on level 7 of the Dungeon)
  6483 | D:7      | Found a roughly hewn altar of Beogh.
  6585 | D:7      | Reached skill level 1 in Long Blades
  6585 | D:7      | Reached skill level 5 in Armour
  7045 | D:7      | Reached skill level 2 in Long Blades
  7050 | D:7      | Reached skill level 3 in Long Blades
  7060 | D:7      | Reached skill level 4 in Long Blades
  7455 | D:8      | Reached skill level 5 in Long Blades
  7626 | D:8      | Reached skill level 6 in Long Blades
  7626 | D:8      | Reached XP level 10. HP: 97/97 MP: 10/10
  7857 | D:8      | Reached skill level 7 in Long Blades
  7914 | D:8      | Reached **** piety under Qazlal
  7914 | D:8      | Reached skill level 8 in Long Blades
  8003 | D:8      | Noticed a two-headed ogre
  8009 | D:8      | Killed a two-headed ogre
  8009 | D:8      | Reached skill level 9 in Long Blades
  8596 | D:9      | Reached skill level 10 in Long Blades
  8795 | D:9      | Found a staircase to the Orcish Mines.
  8811 | D:9      | Found a roughly hewn altar of Beogh.
  9458 | Orc:1    | Entered Level 1 of the Orcish Mines
  9477 | D:9      | Reached skill level 11 in Long Blades
  9681 | Orc:1    | Noticed an orc knight
  9703 | Orc:1    | Killed an orc knight
  9703 | Orc:1    | Reached XP level 11. HP: 73/104 MP: 6/11
  9703 | Orc:1    | Noticed a deep troll
  9706 | Orc:1    | Noticed an orc sorcerer
  9714 | Orc:1    | Killed a deep troll
  9717 | Orc:1    | Noticed an orc knight
  9721 | D:9      | Killed an orc sorcerer
  9721 | D:9      | Reached skill level 12 in Long Blades
 10090 | Orc:1    | Noticed an orc knight
 10095 | Orc:1    | Killed an orc knight
 10102 | Orc:1    | Killed an orc knight
 10106 | Orc:1    | Noticed an ettin
 10437 | Orc:1    | Killed an ettin
 10508 | Orc:1    | Noticed an orc knight
 10520 | Orc:1    | Killed an orc knight
 10520 | Orc:1    | Reached skill level 13 in Long Blades
 10539 | Orc:1    | Noticed an orc high priest
 10544 | Orc:1    | Killed an orc high priest
 10546 | Orc:1    | Found Ovoogenku's Antique Armour Boutique.
 10556 | Orc:1    | Noticed an orc knight
 10564 | Orc:1    | Noticed a two-headed ogre
 10565 | Orc:1    | Noticed an orc sorcerer
 10566 | Orc:1    | Killed an orc knight
 10571 | Orc:1    | Killed an orc sorcerer
 10574 | Orc:1    | Killed a two-headed ogre
 10574 | Orc:1    | Reached skill level 14 in Long Blades
 10590 | Orc:1    | Found Oseby's Book Emporium.
 10697 | Orc:1    | Found Wabe's Book Shoppe.
 10942 | Orc:1    | Bought a glowing plate armour for 546 gold pieces
 11145 | Orc:1    | Found Risouse's Food Shoppe.
 11149 | Orc:1    | Bought a ration for 55 gold pieces
 11178 | Orc:2    | Entered Level 2 of the Orcish Mines
 11575 | Orc:2    | Noticed Snorg
 11583 | Orc:2    | Killed Snorg
 11607 | Orc:2    | Reached XP level 12. HP: 84/112 MP: 6/13
 11746 | Orc:2    | Found a staircase to the Elven Halls.
 11877 | Orc:2    | Paralysed by an orc sorcerer for 4 turns
 11893 | Orc:2    | Paralysed by an orc sorcerer for 2 turns
 11905 | Orc:2    | Noticed Erolcha
 11918 | Orc:2    | HP: 4/113 [smoke demon/divine providence[an orc sorcerer]
                  | (12)]
 11930 | Orc:2    | Cast into level 2 of the Abyss (Erolcha)
 11936 | Abyss:2  | HP: 4/113 [thrashing horror (5)]
 11937 | Abyss:2  | HP: 1/113 [thrashing horror (3)]
 11941 | Abyss:2  | Slain by a thrashing horror

Levels and vault maps discovered:
D:1:      scummos_arrival_gate, layout_loops_ring
D:2:      layout_loops_ring, grunt_temple_overflow_forces_of_nature,
          lightli_temple_of_fire, first_ration, uniq_robin
D:3:      layout_rooms, overflow_temple_1_default, lemuel_crystal_altar,
          corexii_corridor_pit
D:4:      layout_loops_corners, evilmike_ruin_ashenzari
D:5:      layout_basic, gammafunk_temple_overflow_wave, led_sif_pool,
          minmay_temple_entry_proselytizer, basic_altar, trog_wizard
D:6:      layout_loops_corners, kennysheep_mini, enter_ossuary_2, serial_shops,
          shop_fountains, uniq_eustachio, uniq_crazy_yiuf_cottage, uniq_pikel
D:7:      gammafunk_beogh_shrine, layout_basic, columned_hall_lemuel,
          the_bakery, grunt_ministairs_7
D:8:      layout_gridville, st_stairs_11, kennysheep_another_room,
          hangedman_decor_diamond_cutter, minmay_chambers_of_fives
D:9:      layout_loops_ring, minmay_orc_entry_temple_small, corner_web_ring
Orc:1:    layout_caves, serial_shops, nicolae_shop_behind_doors, shop,
          nicolae_shop_statue_plus, shop, guppyfry_orc_lava_fort
Orc:2:    kennysheep_orc_mage_school, layout_caves, uniq_snorg, uniq_erolcha
Abyss:2:  evilmike_abyss_exit_kraken, hangedman_stitches_earthworm

Skill      XL: |  1  2  3  4  5  6  7  8  9 10 11 |
---------------+----------------------------------+-----
Fighting       | 4 5 6 8 10 12 | 12.3
Axes           | 1 2 4 6 8 |  8.8
Dodging        | 1 |  1.2
Invocations    | 1 2 3 |  3.6
Armour         | 5 6 9 |  9.1
Maces & Flails | 3 |  3.0
Long Blades    | 6 11 14 | 14.6
Stealth        | |  0.5
Shields        | |  3.8

Action                   |  1- 3 |  4- 6 |  7- 9 | 10-12 || total
-------------------------+-------+-------+-------+-------++-------
Melee: Flail             |    47 |       |       |       ||    47
       Headbutt          |    12 |    43 |    49 |    60 ||   164
       Hand axe          |    37 |   158 |       |       ||   195
       War axe           |       |    13 |   153 |       ||   166
       Great sword       |       |       |    41 |   222 ||   263
       Whip              |       |       |    28 |       ||    28
Invok: Upheaval          |       |       |     3 |     2 ||     5
       Elemental Force   |       |       |       |     4 ||     4
  Use: Scroll            |     3 |     6 |     4 |    13 ||    26
       Potion            |       |       |     3 |     7 ||    10
  Eat: Chunk             |     2 |     3 |     1 |     3 ||     9
       Ration            |       |     2 |     3 |     3 ||     8
Armor: Scale mail        |    34 |     7 |       |       ||    41
       Chain mail        |       |    70 |    87 |       ||   157
       Plate armour      |       |       |    12 |   126 ||   138
Dodge: Dodged            |    17 |    35 |    64 |    77 ||   193
       Deflected         |       |       |       |     6 ||     6
Block: Shield            |    42 |    89 |   167 |       ||   298
       Reflection        |       |       |    11 |    12 ||    23
       Other             |       |       |    32 |   140 ||   172
       Rpst.: Great sword |       |       |     5 |    17 ||    22
